 Dungeon Crawl Stone Soup version 0.16-a0-1009-g0339a9e (webtiles) character file.

62 Ratboiler the Scratcher (level 3, 0/15 HPs)
             Began as a Felid Transmuter on Oct 3, 2014.
             Slain by an adder (3 damage)
             ... on Level 2 of the Dungeon.
             The game lasted 00:04:56 (2607 turns).

Ratboiler the Scratcher (Felid Transmuter)          Turns: 2607, Time: 00:04:56

HP   0/15        AC  1     Str  6      XL: 3   Next: 85%
MP   7/8         EV 18     Int 14      God:
Gold 27          SH  0     Dex 17      Spells:  3 memorised,  0 levels left
Lives: 0, deaths: 0

rFire  . . .     SeeInvis +       - Unarmed
rCold  . . .     Clarity  .     (armour unavailable)
rNeg   . . .     rCorr    .     (shield unavailable)
rPois  .         rRot     .     (helmet unavailable)
rElec  .         Spirit   .     (cloak unavailable)
SustAb .         Warding  .     (gloves unavailable)
rMut   .         Stasis   .     (boots unavailable)
Gourm  .                        (no amulet)
MR     .....                    (no ring)
                                (no ring)

@: lethally poisoned, appendage (expiring), hasted, very quick, not resistant to
hostile enchantments, unstealthy
A: paw claws, no armour, no weapons or thrown items, fangs 3, horns 2, see
invisible, carnivore 3, speed 1, shaggy fur 1, slow metabolism 1, jump 1
a: Jump Attack, End Transformation


You were on level 2 of the Dungeon.
You were very full.
You had grown temporary horns.
You visited 1 branch of the dungeon, and saw 2 of its levels.

You collected 27 gold pieces.

Inventory:

Missiles
 b - 5 arrows
Comestibles
 a - a meat ration
 m - a rotting chunk of bat flesh
Scrolls
 c - a scroll of enchant weapon {unknown}
 f - a scroll of enchant armour {unknown}
 h - a scroll of amnesia {unknown}
 k - 5 scrolls of identify {unknown}
 n - a scroll of remove curse {unknown}
 o - a scroll of teleportation {unknown}
Potions
 g - a potion of heal wounds {unknown}
 i - a potion of cancellation {unknown}
 j - a potion of magic {unknown}
 p - a potion of confusion {unknown}
Books
 d - a book of Changes

   Spells                             Type                      Level
   *Beastly Appendage                 Transmutation                1
   *Sticks to Snakes                  Transmutation                2
   *Spider Form                       Transmutation/Poison         3
   Ice Form                           Ice/Transmutation            4
   Blade Hands                        Transmutation                5


   Skills:
 - Level 1.0 Fighting
 - Level 2.6 Dodging
 + Level 4.8 Unarmed Combat
 - Level 2.0 Spellcasting
 - Level 2.1 Transmutations


You couldn't memorise any spells.
You knew the following spells:

 Your Spells              Type           Power        Failure   Level  Hunger
a - Beastly Appendage     Trmt           #.....       12%         1    ##.....
b - Sticks to Snakes      Trmt           #.........   17%         2    ###....
c - Spider Form           Trmt/Pois      #.........   47%         3    ####...


Dungeon Overview and Level Annotations

Branches:
Dungeon (2/15)

Altars:

Annotations:
D:2 Sigmund


Innate Abilities, Weirdness & Mutations

You cannot wear armour.
You are incapable of wielding weapons or throwing items.
Your paws have sharp claws.
You have razor-sharp teeth.
You have supernaturally acute eyesight.
You are carnivorous and can eat meat at any time.
You cover ground quickly.
You are covered in fur (AC +1).
You have a slow metabolism.
You can jump attack at a short distance.
You have a pair of horns on your head.


Message History

* * * LOW HITPOINT WARNING * * *
You are lethally poisoned!
The adder poisons you! The adder closely misses you.
Unknown command.
You miss the adder.
The adder is almost dead.
The hobgoblin hits you.
* * * LOW HITPOINT WARNING * * *
The adder misses you.
Unknown command.
You scratch the adder.
The adder is almost dead.
* * * LOW HITPOINT WARNING * * *
You feel sick. The adder barely misses you. The hobgoblin closely misses you.
Unknown command.
Drink which item? (? for menu, Esc to quit)
You feel yourself speed up.
It was a potion of haste.
* * * LOW HITPOINT WARNING * * *
You feel sick. The adder bites you.
You die...

#........# #........#
.. #........# >..
#........# ...
#........# ..
####.)#### #.# ##
#.## ..# .#
######.### ##S# .#
#........# ##@.# .#
#........# #.g##
.###........# #.##
...#........###.##..#
##....(.....#......#
........%.....#.####
...<..(.....#...#
....##.........##
....##...........


You could see an adder (bleeding) and a hobgoblin.

Vanquished Creatures
  2 adders (D:2)
  6 bats
  4 hobgoblins
  6 kobolds
  A quokka (D:2)
  2 giant cockroaches (D:1)
  A giant gecko (D:2)
  3 giant newts (D:2)
  8 goblins
  2 rats (D:1)
35 creatures vanquished.

Vanquished Creatures (collateral kills)
  An adder (D:2)
  A worm (D:2)
2 creatures vanquished.

Grand Total: 37 creatures vanquished

Notes
Turn   | Place    | Note
--------------------------------------------------------------
     0 | D:1      | Ratboiler, the Felid Transmuter, began the quest for the Orb.
     0 | D:1      | Reached XP level 1. HP: 9/9 MP: 4/4
   142 | D:1      | Reached XP level 2. HP: 8/12 MP: 3/5
   146 | D:1      | Learned a level 2 spell: Sticks to Snakes
   996 | D:2      | Noticed Sigmund
  1052 | D:2      | Reached skill level 4 in Unarmed Combat
  1062 | D:2      | Reached XP level 3. HP: 8/15 MP: 8/8
  2443 | D:2      | Learned a level 3 spell: Spider Form
  2607 | D:2      | Slain by an adder

Action                   || total
-------------------------++-------
Melee: Unarmed           ||   103
 Cast: Beastly Appendage ||    14
       Sticks to Snakes  ||     7
  Use: Potion            ||     1
 Stab: Sleeping          ||     1
  Eat: Chunk             ||    10
